 Dungeon Crawl Stone Soup version 0.30-a0-711-gf4ac18a38d (webtiles) character file.

Game seed: 16720068150566396558

22777 Absynth the Cleaver (level 12, -1/101 HPs)
             Began as a Minotaur Berserker on Jan 22, 2023.
             Was a High Priest of Trog.
             Killed from afar by a death drake (shapeshifter) (3 damage)
             ... with a foul vapour
             ... on level 13 of the Dungeon.
             The game lasted 00:34:23 (12214 turns).

Absynth the Cleaver (Minotaur Berserker)           Turns: 12214, Time: 00:34:24

Health: -1/101     AC: 27    Str: 32    XL:     12   Next: 66%
Magic:  0/11       EV: 11    Int:  4    God:    Trog [*****.]
Gold:   878        SH: 15    Dex: 11    Spells: 11/11 levels left

rFire   . . .      SeeInvis +    M - +4 war axe (freeze)
rCold   . . .      Faith    .    C - +0 tower shield
rNeg    + + .      Spirit   +    y - +3 pearl dragon scales
rPois   .          Reflect  .    (helmet restricted)
rElec   .          Harm     .    O - +1 cloak
rCorr   .          Rampage  .    (no gloves)
Will    .....                    f - +1 pair of boots {Fly} Stlth
                                 o - amulet of guardian spirit
HPRegen 0.36/turn                P - +4 ring of protection
MPRegen 0.12/turn                e - ring of Futoujytt {rN+ Str+6 SInv}

@: lethally poisoned (-1 -> -93), flying
A: horns 2, retaliatory headbutt
a: Renounce Religion, Berserk, Trog's Hand, Brothers in Arms


You were on level 13 of the Dungeon.
You worshipped Trog.
Trog was extremely pleased with you.
You visited 1 branch of the dungeon, and saw 13 of its levels.
You also visited: Sewer.

You collected 878 gold pieces.

Inventory:

Hand Weapons
 w - a +0 mace of draining
 x - a +1 hand axe of flaming
 B - a +2 heavy hand axe
 M - a +4 war axe of freezing (weapon)
Missiles
 k - 28 poisoned darts (quivered)
 E - 5 throwing nets
 I - 4 atropa-tipped darts
 K - 5 curare-tipped darts
Armour
 f - a +1 pair of boots of flying (worn)
 u - a scarf of invisibility
 y - +3 pearl dragon scales (worn)
 C - a +0 tower shield (worn)
 O - a +1 cloak (worn)
Jewellery
 e - the ring of Futoujytt (right hand) {rN+ Str+6 SInv}
   (You acquired it on level 7 of the Dungeon)

   [ring of strength]

   Str:       It affects your strength (+6).
   rN:        It protects you from negative energy.
   SInv:      It lets you see invisible.
 j - a ring of positive energy
 o - an amulet of guardian spirit (around neck)
 s - a ring of ice
 P - a +4 ring of protection (left hand)
Wands
 a - a wand of flame (5)
 q - a wand of iceblast (2)
 F - a wand of acid (7)
 L - a wand of mindburst (4)
Scrolls
 b - 2 scrolls of vulnerability
 c - 4 scrolls of magic mapping
 d - 3 scrolls of fear
 n - 3 scrolls of torment {unknown}
 r - 3 scrolls of blinking
 v - 7 scrolls of teleportation
 A - a scroll of enchant weapon
 H - a scroll of poison
Potions
 g - a potion of haste
 h - a potion of invisibility
 i - a potion of flight {unknown}
 l - 7 potions of curing
 m - 2 potions of berserk rage
 p - 2 potions of cancellation
 t - a potion of might
 z - a potion of experience {unknown}
 D - 2 potions of resistance
 G - 3 potions of mutation {unknown}
 N - a potion of attraction {unknown}


   Skills:
 + Level 8.0 Fighting
 - Level 14.9 Axes
 + Level 11.7 Armour
 + Level 10.7 Dodging
 + Level 10.1 Shields
 + Level 4.4 Evocations


You had 11 spell levels left.
You didn't know any spells.
Your spell library was empty.

Dungeon Overview and Level Annotations

Branches:
Dungeon (13/15)            Temple (0/1) D:6            Lair (0/5) D:10
    Orc (0/2) D:9          Vaults (0/5) D:13          Sewer (visited)

Altars:
Ashenzari
Cheibriados
Elyvilon
Fedhas
Gozag
Hepliaklqana
Makhleb
Okawaru
Qazlal
Uskayaw
Vehumet
Xom
Zin

Shops:
D:6 *   D:7 *   D:13 :[


Innate Abilities, Weirdness & Mutations

You have a pair of horns on your head.
You reflexively headbutt those who attack you in melee.


Message History

You feel extremely sick. You block the death drake's attack.
You closely miss the death drake.
The death drake is moderately wounded.
You are engulfed in dark miasma.
You are more poisoned.
You feel extremely sick.
The death drake bites you but does no damage.
You slash the death drake!
The death drake seems to slow down.
You freeze the death drake. You headbutt the death drake.
The death drake is severely wounded.
* * * LOW HITPOINT WARNING * * *
You feel extremely sick. The death drake barely misses you.
You furiously retaliate!
You headbutt the death drake.
You hit the death drake but do no damage.
Your headbutt misses the death drake.
The death drake is severely wounded.
* * * LOW HITPOINT WARNING * * *
You feel extremely sick. The death drake breathes miasma at you.
The foul vapour engulfs you!
You are lethally poisoned!
* * * LOW HITPOINT WARNING * * *
You closely miss the death drake.
The death drake is severely wounded.
You are engulfed in dark miasma.
You are more poisoned.
* * * LOW HITPOINT WARNING * * *
x2 You feel extremely sick.
You block the death drake's attack.
You feel much better.
You are engulfed in dark miasma.
You are more poisoned.
* * * LOW HITPOINT WARNING * * *
x2 You feel extremely sick.
The death drake is no longer moving slowly.
The death drake breathes miasma at you. The foul vapour engulfs you!
You are more poisoned.
You die...

.........# ............# ..
............# ...............#
##.. #...##....#
.#..##...##....#####+###
.#.............[#.......
.#.............°#k°.....
.#............°°@°......
.#.............°#°......
.#####'##########°..##..
.........# ...# .........# .....
.####....# ...... .####....#
....... ≈. .........#
........≈.≈≈≈≈≈.
.........#############+#.≈.......


You could see a death drake (catching breath).

Vanquished Creatures
  Snorg (D:10)
  Harold (D:10)
  2 vault guards
  The ghost of Ygangeew the Spear-Bearer, a journeyman AtFi of Okawaru (D:11)
  A boulder beetle (D:12)
  A centaur warrior (D:11)
  An ogre mage (D:10)
  A two-headed ogre (D:10)
  Nergalle (D:10)
  3 skeletal warriors
  The ghost of Leeroy the Nimble, a novice MfIE of Wu Jian (D:7)
  2 deep elf pyromancers
  A manticore (D:12)
  An ugly thing (D:13)
  A wolf spider (D:10)
  A moth of wrath (D:7)
  3 gargoyles
  A kobold demonologist (D:12)
  3 hornets
  4 wraiths
  A wyvern (D:9)
  23 yaks
  Eustachio (D:6)
  2 humans (D:9)
  2 steam dragons
  7 vampire mosquitoes
  3 acid dragons
  Duvessa (D:6)
  A water moccasin (D:7)
  2 ice beasts
  6 orc warriors
  An ogre (D:6)
  4 black bears
  9 centaurs
  2 kobold brigands
  2 gnoll sergeants (D:10)
  5 bullfrogs
  3 scorpions
  12 wights
  Dowan (D:6)
  5 howler monkeys
  4 jellies
  6 orc priests
  Crazy Yiuf (D:6)
  2 hounds
  3 iguanas (D:6)
  8 orc wizards
  Natasha (D:3)
  11 gnolls
  9 adders
  A shadow imp (D:8)
  A white imp (D:8)
  An ufetubus (D:3)
  4 worms
  38 orcs
  10 ball pythons
  6 endoplasms
  17 giant cockroaches
  10 hobgoblins
  10 quokkas
  8 bats
  3 frilled lizards
  6 goblins
  15 kobolds
  6 rats
305 creatures vanquished.

Vanquished Creatures (others)
  A fungus (D:1)
  4 plants (D:7)
5 creatures vanquished.

Grand Total: 310 creatures vanquished

Notes
Turn   | Place    | Note
-------+----------+-------------------------------------------
     0 | D:1      | Absynth the Minotaur Berserker began the quest for the Orb.
     0 | D:1      | Reached XP level 1. HP: 19/19 MP: 0/0
   170 | D:1      | Reached XP level 2. HP: 27/27 MP: 1/1
   216 | D:1      | Reached skill level 4 in Axes
   652 | D:1      | Reached ** piety under Trog
   890 | D:2      | Reached XP level 3. HP: 33/33 MP: 2/2
  1577 | D:3      | Found a faded altar of an unknown god.
  1661 | D:3      | Found a shimmering altar of Xom.
  1666 | D:3      | Reached XP level 4. HP: 32/40 MP: 1/3
  1719 | D:3      | Noticed Natasha
  1730 | D:3      | Killed Natasha
  1749 | D:3      | Found a glowing drain.
  1768 | D:3      | Reached skill level 5 in Axes
  1774 | Sewer    | Entered a sewer
  1912 | Sewer    | Reached *** piety under Trog
  1921 | Sewer    | Reached XP level 5. HP: 44/47 MP: 4/4
  2077 | Sewer    | Identified the +2 ring mail of Huuqag {+Blink rElec rF-
                  | Dex+4}
  2539 | D:4      | Reached skill level 5 in Fighting
  2539 | D:4      | Reached XP level 6. HP: 40/56 MP: 3/5
  2655 | D:4      | Reached skill level 6 in Axes
  2923 | D:4      | Found a white marble altar of Elyvilon.
  3044 | D:4      | Found a burning altar of Makhleb.
  3235 | D:4      | Found a blossoming altar of Fedhas.
  3245 | D:4      | Found a glowing silver altar of Zin.
  3405 | D:5      | Entered Level 5 of the Dungeon
  3410 | D:5      | Reached skill level 1 in Evocations
  3410 | D:5      | Reached XP level 7. HP: 60/61 MP: 6/6
  3754 | D:5      | Found a snail-covered altar of Cheibriados.
  4139 | D:6      | Found a staircase to the Ecumenical Temple.
  4168 | D:5      | Reached skill level 7 in Axes
  4177 | D:6      | Reached **** piety under Trog
  4247 | D:6      | Found Zaquxejuf's Fire Supplies.
  4249 | D:6      | Reached skill level 5 in Armour
  4396 | D:6      | Reached XP level 8. HP: 70/70 MP: 7/7
  4409 | D:6      | Reached skill level 8 in Axes
  4570 | D:6      | Identified the +1 rapier of the Glowing Bear {holy, rN+
                  | Int+3}
  4578 | D:6      | Reached skill level 5 in Dodging
  4678 | D:6      | Noticed Eustachio
  4732 | D:6      | Killed Eustachio
  4733 | D:6      | Reached skill level 1 in Shields
  4884 | D:6      | Found a stormy altar of Qazlal.
  4893 | D:6      | Found a broken altar of Ashenzari.
  4988 | D:6      | Noticed Duvessa
  4989 | D:6      | Noticed Dowan
  4995 | D:6      | Killed Duvessa
  5005 | D:6      | Killed Dowan
  5046 | D:6      | Found a runed translucent door.
  5047 | D:6      | Noticed Crazy Yiuf
  5053 | D:6      | Killed Crazy Yiuf
  5126 | D:7      | Reached skill level 9 in Axes
  5177 | D:7      | Found a hazy altar of Hepliaklqana.
  5179 | D:7      | Noticed Leeroy's ghost (novice MfIE)
  5430 | D:7      | Reached XP level 9. HP: 67/77 MP: 5/8
  5929 | D:7      | Found a transporter.
  5932 | D:7      | Noticed a moth of wrath
  5940 | D:7      | Found a transporter.
  6058 | D:7      | Found Zasu Jip Ysi's Neck Hole.
  6251 | D:7      | Identified a scroll of acquirement
  6251 | D:7      | Acquired the ring of Futoujytt {rN+ Str+6 SInv}
  6388 | D:7      | Reached skill level 10 in Axes
  6389 | D:7      | Killed a moth of wrath
  6409 | D:7      | Killed Leeroy's ghost
  6410 | D:7      | Reached skill level 11 in Axes
  6410 | D:7      | Reached skill level 5 in Shields
  6601 | D:8      | Reached XP level 10. HP: 36/84 MP: 5/9
  6872 | D:8      | Noticed a +0 spear
  6873 | D:8      | Noticed a +0 short sword
  6874 | D:8      | Noticed a +0 spear
  6874 | D:8      | Noticed a +0 falchion
  6875 | D:8      | Noticed a +0 dagger
  6875 | D:8      | Noticed a +0 dagger
  6876 | D:8      | Noticed a +0 falchion
  6876 | D:8      | Noticed a +0 short sword
  6889 | D:8      | Found a hide-covered altar of Uskayaw.
  6946 | D:8      | Noticed a skeletal warrior
  6950 | D:8      | Noticed a skeletal warrior
  6951 | D:8      | Noticed a skeletal warrior
  6956 | D:8      | Killed a skeletal warrior
  6957 | D:8      | Reached skill level 12 in Axes
  6964 | D:8      | HP: 3/84 [skeletal warrior/+2 long sword of freezing (8)]
  7247 | D:7      | Killed a skeletal warrior
  7415 | D:8      | Killed a skeletal warrior
  8231 | D:9      | Paralysed by a hornet for 1 turns
  8469 | D:9      | Reached skill level 13 in Axes
  8497 | D:9      | Reached XP level 11. HP: 90/90 MP: 10/10
  8587 | D:9      | Found a staircase to the Orcish Mines.
  8591 | D:9      | Found an iron altar of Okawaru.
  8818 | D:9      | Found an opulent altar of Gozag.
  8841 | D:9      | Reached ***** piety under Trog
  9088 | D:10     | Entered Level 10 of the Dungeon
  9359 | D:10     | Reached skill level 10 in Armour
  9467 | D:10     | Noticed Snorg
  9477 | D:10     | Killed Snorg
  9478 | D:10     | Reached skill level 14 in Axes
  9750 | D:10     | Noticed an ogre mage
  9751 | D:10     | Paralysed by an ogre mage for 5 turns
  9758 | D:10     | Killed an ogre mage
  9782 | D:10     | Noticed a wolf spider
  9791 | D:10     | Killed a wolf spider
  9857 | D:10     | Noticed a two-headed ogre
  9862 | D:10     | Killed a two-headed ogre
  9961 | D:10     | Noticed Harold
  9973 | D:10     | Killed Harold
 10085 | D:10     | Noticed Nergalle
 10086 | D:10     | Found a staircase to the Lair.
 10098 | D:10     | Killed Nergalle
 10099 | D:10     | Reached XP level 12. HP: 72/97 MP: 8/11
 10695 | D:11     | Found a runed translucent door.
 10695 | D:11     | Noticed a centaur warrior
 10695 | D:11     | Noticed Ygangeew's ghost (journeyman AtFi)
 10702 | D:11     | Killed a centaur warrior
 10703 | D:11     | Reached skill level 10 in Dodging
 10712 | D:11     | Killed Ygangeew's ghost
 10789 | D:11     | Found a radiant altar of Vehumet.
 11503 | D:12     | Noticed a boulder beetle
 11525 | D:12     | Killed a boulder beetle
 11813 | D:13     | Found a gate to the Vaults.
 11813 | D:13     | Noticed a vault guard
 11813 | D:13     | Noticed a vault guard
 11813 | D:13     | Noticed a vault guard
 11813 | D:13     | Noticed a catoblepas
 11821 | D:13     | Noticed a tengu warrior
 11833 | D:12     | Killed a vault guard
 11969 | D:13     | Noticed a vault guard
 11970 | D:13     | Reached skill level 10 in Shields
 11984 | D:13     | Killed a vault guard
 12055 | D:13     | Found Nysoi's Antique Armour Shoppe.
 12119 | D:13     | Found Owuv's Book Emporium.
 12214 | D:13     | HP: 2/101 [poisoned by a death drake (dark miasma)]
 12214 | D:13     | Killed from afar by a death drake (shapeshifter)

Illustrated notes

Levels and vault maps discovered:
D:1:      dpeg_arrival_prison, layout_basic, minmay_misc_feat_room,
          minmay_misc_feat_five
D:2:      layout_basic, minmay_misc_feat_pillars
D:3:      layout_rooms, marbit_many_paths, ebering_ecumenical_altar_rust,
          cheibrodos_sewer_entry_bend, uniq_natasha
D:4:      layout_loops_cross, mainiacjoe_overflow_concentric_impassable,
          minitemple, mainiacjoe_overflow_alcove_4
D:5:      layout_cave_pools, cheibrodos_worm_habitat
D:6:      layout_rooms, mainiacjoe_overflow_swirl,
          minmay_temple_entry_sparse_star, nicolae_shop_fire_sale
          [nicolae_sub_dead_trees], uniq_eustachio, uniq_crazy_yiuf_cottage,
          uniq_duvessa
D:7:      layout_basic, nicolae_hepliaklqana_hazy_memory,
          gammafunk_ghost_berserking_beasts, nicolae_shop_sticking_my_neck_out
D:8:      layout_gridville, nicolae_uskayaw_en_pointe, grunt_potential
D:9:      layout_irregular_city, okawaru_humans, lemuel_doored_altar,
          minmay_orc_entry_temple_small
D:10:     layout_rooms, lair_entry_dummy, minmay_three_doors, uniq_harold,
          uniq_nergalle, uniq_snorg
D:11:     layout_rooms, ebering_ghost_inner_flame, nicolae_vehumet_radiance
D:12:     layout_irregular_city
D:13:     layout_stronghold, lightli_vaults_fourway_checkpoint, serial_shops,
          shop, nicolae_inconvenience_store, kennysheep_little_box,
          nicolae_diamond_shop, nicolae_shop_hallway_plus

Skill      XL: |  1  2  3  4  5  6  7  8  9 10 11 12 |
---------------+-------------------------------------+-----
Axes           | 4 5 6 7 9 11 13 14 | 14.9
Fighting       | 4 5 6 8 |  8.0
Armour         | 3 4 5 6 7 9 10 11 | 11.7
Dodging        | 3 4 5 7 8 9 10 | 10.7
Evocations     | 1 2 4 |  4.4
Shields        | 2 5 7 9 10 | 10.1

Action                     |  1- 3 |  4- 6 |  7- 9 | 10-12 || total
---------------------------+-------+-------+-------+-------++-------
  Melee: Hand axe          |   118 |    53 |   242 |   425 ||   838
         Headbutt          |    18 |    13 |    38 |   104 ||   173
         War axe           |     2 |    59 |       |    51 ||   112
         Punch             |     1 |       |     1 |       ||     2
 Invoke: Berserk           |       |     1 |     5 |     4 ||    10
         Trog's Hand       |       |       |     1 |     2 ||     3
    Use: Potion            |       |     1 |     1 |     4 ||     6
         Scroll            |       |       |    18 |     7 ||    25
 Armour: Animal skin       |    12 |       |       |       ||    12
         Ring mail         |    19 |    47 |     5 |       ||    71
         Pearl dragon scal |       |       |   136 |   182 ||   318
  Dodge: Dodged            |    84 |    73 |   103 |   157 ||   417
  Block: Tower shield      |       |       |    96 |   422 ||   518

Table legend: (Time is in decaauts)
 A = Elapsed time spent in this place.
 B = Non-inter-level travel time spent in this place.
 C = Inter-level travel time spent in this place.
 D = Time resting spent in this place.
 E = Time spent auto-exploring this place.
 F = Levels seen in this place.
 G = Mean time per level.
                   A        B        C        D        E       F      G
               +--------+--------+--------+--------+--------+-----+--------+
         Total |  12423 |  11966 |    457 |   1886 |   7254 |  14 |  887.4 |
       Dungeon |  12055 |  11598 |    457 |   1779 |   7236 |  13 |  927.3 |
         Sewer |    368 |    368 |      0 |    107 |     17 |   1 |  368.0 |
               +--------+--------+--------+--------+--------+-----+--------+

Top non-repeatable levels by time:
     D:7: 1866 daAuts
    D:10: 1202 daAuts
     D:8: 1189 daAuts
     D:6: 1108 daAuts
    D:12: 1033 daAuts
     D:9: 998 daAuts
     D:4: 946 daAuts
     D:1: 808 daAuts
     D:2: 687 daAuts
     D:3: 666 daAuts
     D:5: 627 daAuts
    D:11: 600 daAuts
   Sewer: 368 daAuts
    D:13: 317 daAuts
